 Dungeon Crawl Stone Soup version 0.30.1-4-g462c640d31 (webtiles) character file.

Game seed: 13406635627314871799

25 cracker123456789 the Chopper (level 2, 0/27 HPs)
             Began as a Minotaur Berserker on Sept 9, 2023.
             Was a Believer of Trog.
             Slain by a jackal (1 damage)
             ... on level 1 of the Dungeon.
             The game lasted 00:03:12 (449 turns).

cracker123456789 the Chopper (Minotaur Berserker)    Turns: 449, Time: 00:03:13

Health: 0/27       AC:  2    Str: 21    XL:     2   Next: 82%
Magic:  1/1        EV: 12    Int:  4    God:    Trog [**....]
Gold:   24         SH:  0    Dex:  9    Spells: 1/1 levels left

rFire   . . .        a - +0 hand axe
rCold   . . .        (no shield)
rNeg    . . .        b - +0 animal skin
rPois   .            (helmet restricted)
rElec   .            (no cloak)
rCorr   .            (no gloves)
SInv    .            (no boots)
Will    .....        (no amulet)
Stlth   +            (no ring)
HPRegen 0.24/turn    (no ring)
MPRegen 0.07/turn

%: no passive effects
@: no status effects
A: horns 2, retaliatory headbutt
a: Renounce Religion, Berserk, Trog's Hand


You were on level 1 of the Dungeon.
You worshipped Trog.
Trog was pleased with you.
You visited 1 branch of the dungeon, and saw 1 of its levels.

You collected 24 gold pieces.

Inventory:

Hand Weapons
 a - a +0 hand axe (weapon)
 f - a +0 short sword
 g - a +0 dagger
Armour
 b - a +0 animal skin (worn)
 e - a +0 cloak
 h - a +0 robe
Potions
 c - 2 potions of invisibility {unknown}
 d - 2 potions of curing {unknown}


   Skills:
 + Level 4.1 Fighting
 + Level 4.1 Axes
 + Level 2.7 Armour
 + Level 2.4 Dodging


You had one spell level left.
You didn't know any spells.
Your spell library was empty.

Dungeon Overview and Level Annotations

Branches:
Dungeon (1/15)

Altars:


Innate Abilities, Weirdness & Mutations

You have a pair of horns on your head.
You reflexively headbutt those who attack you in melee.


Message History

You barely miss the ball python. The jackal closely misses you.
The jackal bites you.
* * * LOW HITPOINT WARNING * * *
The jackal closely misses you. You furiously retaliate!
You headbutt the jackal, but do no damage.
The jackal barely misses you. The hobgoblin barely misses you.
The ball python bites you but does no damage.
The ball python constricts you.
You escape the ball python's grasp.
The jackal bites you.
* * * LOW HITPOINT WARNING * * *
The hobgoblin barely misses you.
You hit the jackal.
You kill the jackal!
Trog accepts your kill.
You closely miss the jackal. You barely miss the hobgoblin.
The jackal bites you.
* * * LOW HITPOINT WARNING * * *
The hobgoblin closely misses you. The jackal closely misses you.
The jackal bites you.
* * * LOW HITPOINT WARNING * * *
The goblin barely misses you. You furiously retaliate!
You headbutt the goblin, but do no damage.
The hobgoblin hits you.
* * * LOW HITPOINT WARNING * * *
You hit the hobgoblin.
You kill the hobgoblin!
Trog accepts your kill.
You barely miss the jackal. You hit the goblin. The jackal bites you.
* * * LOW HITPOINT WARNING * * *
The goblin hits you but does no damage.
The jackal bites you but does no damage.
You barely miss the ball python. Your headbutt misses the ball python.
You hit the goblin.
You kill the goblin!
Trog accepts your kill.
You can now call upon Trog for regeneration and willpower.
You barely miss the jackal. The ball python bites you.
* * * LOW HITPOINT WARNING * * *
The ball python barely misses you. The jackal bites you.
You die...

. ####..####
#..# #..# #..#
..#######..#
##
........##.# .
(#.#####....#
#
.......h.##..#
# .
.......S@#####
#.. .......)†#
..# .........#
# ..........
.........#.
.........##
.....#....
.####.###


You could see a jackal and a ball python.

Vanquished Creatures
  3 endoplasms (D:1)
  A giant cockroach (D:1)
  3 goblins (D:1)
  2 hobgoblins (D:1)
  2 jackals (D:1)
  5 kobolds (D:1)
  A quokka (D:1)
  3 bats (D:1)
  A frilled lizard (D:1)
  2 rats (D:1)
23 creatures vanquished.

Notes
Turn   | Place    | Note
-------+----------+-------------------------------------------
     0 | D:1      | cracker123456789 the Minotaur Berserker began the quest for
                  | the Orb.
     0 | D:1      | Reached XP level 1. HP: 19/19 MP: 0/0
   240 | D:1      | Reached XP level 2. HP: 27/27 MP: 1/1
   448 | D:1      | HP: 1/27 [jackal (2)]
   449 | D:1      | Reached ** piety under Trog
   449 | D:1      | Slain by a jackal

Illustrated notes

Levels and vault maps discovered:
D:1:      dpeg_arrival_long_road, layout_rooms, st_stairs_3, bh_walls_and_bars

Skill      XL: |  1  2 |
---------------+-------+-----
Axes           | 4 |  4.1
Fighting       | 4 |  4.1
Armour         | |  2.7
Dodging        | |  2.4

Action                     || total
---------------------------++-------
  Melee: Hand axe          ||    36
         Headbutt          ||     6
         Punch             ||     1
    Use: Scroll            ||     1
 Armour: Animal skin       ||    26
  Dodge: Dodged            ||    58
